 Dungeon Crawl Stone Soup version 0.25-a0-578-gc91f01c (webtiles) character file.

Game seed: 6778330631399098479, levelgen mode: deterministic

3644 15 the Martial Artist (level 10, -4/118 HPs)
             Began as an Octopode Transmuter on Mar 4, 2020.
             Was a Follower of Wu Jian.
             Slain by a centaur warrior zombie (7 damage)
             ... on level 9 of the Dungeon.
             The game lasted 00:26:07 (8752 turns).

15 the Martial Artist (Octopode Transmuter)         Turns: 8752, Time: 00:26:07

Health: -4/118     AC:  5    Str: 12    XL:     10   Next: 12%
Magic:  18/18      EV: 15    Int: 15    God:    Wu Jian [*.....]
Gold:   120        SH:  0    Dex: 16    Spells: 9/19 levels left

rFire    . . .     SeeInvis .     - Unarmed
rCold    + + .     Gourm    .   (shield currently unavailable)
rNeg     . . .     Faith    .   (helmet currently unavailable)
rPois    +         Spirit   .   r - amulet of magic regeneration
rElec    .         Reflect  .   j - +2 ring of dexterity
rCorr    +         Harm     .   l - +2 ring of evasion
MR       .....                  t - ring of fire
Stlth    ..........             v - ring of stealth
HPRegen  0.29/turn              w - ring of resist corrosion
MPRegen  0.41/turn              (no ring)
                                (no ring)
                                (no ring)

@: mighty, berserking, ice-form, very quick
A: large, almost no armour, stealthy swim, amphibious, 8 rings, (constrict 8)
a: End Transformation, Renounce Religion


You were on level 9 of the Dungeon.
You worshipped Wu Jian.
Wu Jian was aware of your devotion.
You were not hungry.
You were a creature of crystalline ice.
You visited 2 branches of the dungeon, and saw 10 of its levels.

You collected 468 gold pieces.
You spent 348 gold pieces at shops.

Inventory:

Missiles
 a - 74 arrows
 k - 70 bolts
Jewellery
 j - a +2 ring of dexterity (left front paw)
 l - a +2 ring of evasion (right front paw)
 r - an amulet of magic regeneration (around neck)
 t - a ring of fire (on tentacle)
 v - a ring of stealth (on tentacle)
 w - a ring of resist corrosion (on tentacle)
Wands
 f - a wand of random effects (22)
 x - a wand of digging (3)
 y - a wand of acid (10)
Scrolls
 b - 3 scrolls of remove curse
 g - a scroll of blinking
 h - 6 scrolls of teleportation
 i - 3 scrolls of enchant armour
 q - 2 scrolls of magic mapping
 u - a scroll of enchant weapon
 z - a scroll of fog {unknown}
 B - a scroll of immolation {unknown}
 C - a scroll of fear {unknown}
Potions
 d - a potion of lignification
 e - 2 potions of mutation
 m - 2 potions of flight
 n - 2 potions of heal wounds
 p - a potion of magic
 A - a potion of ambrosia {unknown}
 E - a potion of invisibility {unknown}
 F - a potion of curing
Comestibles
 c - 12 rations


   Skills:
 * Level 5.1 Fighting
 * Level 4.8 Dodging
 + Level 4.0 Stealth
 * Level 8.7 Unarmed Combat
 * Level 5.4 Spellcasting
 * Level 5.7 Transmutations
 + Level 0.5 Ice Magic
 + Level 1.9 Poison Magic
 * Level 4.1 Evocations


You had 9 spell levels left.
You knew the following spells:

 Your Spells              Type           Power        Failure   Level  Hunger
a - Beastly Appendage     Tmut           ###...       1%          1    None
b - Sticks to Snakes      Tmut           ###.....     2%          2    #......
c - Spider Form           Tmut/Pois      ###.......   10%         3    ###....
d - Ice Form              Ice/Tmut       ##......     38%         4    ####...

Your spell library contained the following spells:

 Spells                   Type           Power        Failure   Level  Hunger
 Blade Hands              Tmut           ###.......   38%         5    ######.


Dungeon Overview and Level Annotations

Branches:
Dungeon (9/15)             Temple (1/1) D:5
   Lair: D:8-11         Orc: D:9-12

Altars:
Ashenzari
Cheibriados
Dithmenos
Fedhas
Gozag
Hepliaklqana
Kikubaaqudgha
Makhleb
Nemelex Xobeh
Okawaru
Qazlal
Ru
Sif Muna
Trog
Uskayaw
Vehumet
Wu Jian
Xom
Yredelemnul
Zin
The Shining One

Shops:
D:7 *

Annotations:
D:4 4 runed translucent doors, 2FriedEggs's ghost, amateur OpEE
D:5 3 runed translucent doors, 11Jery11's ghost, novice MiGl


Innate Abilities, Weirdness & Mutations

You cannot wear most types of armour.
You are very stealthy in the water. (Stealth+)
You are amphibious.
You can wear up to eight rings at the same time.
((You can use your tentacles to constrict eight enemies at once.))
((Your skin changes colour to match your surroundings (Stealth+).))
((Your rubbery body absorbs attacks. (AC +1, EV +1)))


Message History

The hellwing hits you but does no damage.
The shadow imp grins evilly.
You closely miss the hellwing.
The hellwing is heavily wounded.
The hellwing hits you!
* * * LOW HITPOINT WARNING * * *
The hellwing hits you.
* * * LOW HITPOINT WARNING * * *
The hellwing barely misses you. The hellwing hits you!
* * * LOW HITPOINT WARNING * * *
A red film seems to cover your vision as you go berserk!
You feel yourself moving faster!
You feel mighty! The shadow imp barely misses you.
The hellwing closely misses you. x2
The hellwing misses you. The hellwing barely misses you.
You punch the hellwing! You freeze the hellwing.
The hellwing is moderately wounded.
The shadow imp hits you.
* * * LOW HITPOINT WARNING * * *
The centaur warrior zombie hits you!
You die...

...... #............
#.....###..........###.
......#...............
.....................
##.##...##..........# .
#..................# [.
#.#####.#..##...#..#
#.##.#####......5#...#
#......#....##4Y4ZZZ##
.##..##...##...Z###5..#
......<..#........5.#...#
....#...##.........Z.......
.. ###..........8......P..
.##...........P...8.P #.
........8.......8. ##
.................. ...


You could see 2 hellwings, 2 shadow imps, 3 centaur warrior zombies and a
centaur warrior skeleton.

Vanquished Creatures
  Psyche (D:8)
  A centaur zombie (D:9)
  A centaur skeleton (D:9)
  A troll (D:8)
  A water moccasin (D:7)
  An ice beast (D:7)
  2 sky beasts
  2 orc warriors
  A black bear (D:4)
  A boggart (D:7)
  2 ogres
  A centaur (D:6)
  2 bullfrogs (D:6)
  A wyvern skeleton (D:7)
  4 scorpions
  4 howler monkeys
  3 crimson imps
  A bullfrog skeleton (D:8)
  4 hounds
  3 orc priests
  A jelly (D:7)
  Ijyb (D:3)
  Natasha (twice) (D:2)
  An iguana (D:7)
  8 orc wizards
  2 worker ants
  A hound skeleton (D:9)
  3 adders
  A howler monkey skeleton (D:4)
  A shadow imp (D:9)
  A white imp (D:6)
  2 worms
  A dart slug (D:1)
  4 leopard geckos
  15 orcs
  11 bats
  4 giant cockroaches
  9 goblins
  6 hobgoblins
  10 jackals
  2 frilled lizards (D:2)
  3 kobolds
  A leopard gecko skeleton (D:4)
  10 rats
137 creatures vanquished.

Vanquished Creatures (collateral kills)
  A hungry ghost (D:8)
  A gnoll (D:1)
  An adder (D:2)
  A worm (D:4)
4 creatures vanquished.

Vanquished Creatures (others)
  3 fungi (D:4)
  A plant (D:4)
4 creatures vanquished.

Grand Total: 145 creatures vanquished

Notes
Turn   | Place    | Note
-------+----------+-------------------------------------------
     0 | D:1      | 15 the Octopode Transmuter began the quest for the Orb.
     0 | D:1      | Reached XP level 1. HP: 13/13 MP: 3/3
    77 | D:1      | Reached XP level 2. HP: 15/18 MP: 5/5
   174 | D:1      | Learned a level 2 spell: Sticks to Snakes
   696 | D:1      | Reached XP level 3. HP: 23/23 MP: 6/6
   701 | D:1      | Learned a level 3 spell: Spider Form
  1631 | D:2      | You fall into a shaft and drop 2 floors!
  1954 | D:4      | Reached skill level 1 in Stealth
  1954 | D:4      | Reached XP level 4. HP: 28/28 MP: 1/7
  2009 | D:4      | Noticed a black bear
  2021 | D:4      | Killed a black bear
  2021 | D:4      | Reached skill level 4 in Unarmed Combat
  2021 | D:4      | Reached XP level 5. HP: 31/34 MP: 7/9
  2088 | D:4      | Found a runed translucent gate.
  2089 | D:4      | Found a runed translucent gate.
  2089 | D:4      | Noticed 2FriedEggs's ghost (amateur OpEE)
  2090 | D:4      | Found a runed translucent gate.
  2092 | D:4      | Identified the +2 whip of Conflict {pain, +Blink}
  2092 | D:4      | Noticed a big kobold
  2096 | D:4      | Noticed a big kobold
  2286 | D:3      | Found a shimmering blue altar of Sif Muna.
  2602 | D:2      | Noticed Natasha
  2613 | D:2      | Killed Natasha
  2613 | D:2      | Reached XP level 6. HP: 31/39 MP: 6/10
  2765 | D:2      | Noticed Natasha
  2772 | D:2      | Killed Natasha
  2808 | D:2      | Learned a level 4 spell: Ice Form
  3204 | D:3      | Noticed Ijyb
  3222 | D:3      | Killed Ijyb
  3393 | D:4      | Found a runed translucent door.
  3394 | D:4      | Found a glowing golden altar of the Shining One.
  3394 | D:4      | Noticed an angel
  3686 | D:4      | Reached XP level 7. HP: 45/45 MP: 5/12
  4058 | D:5      | Entered Level 5 of the Dungeon
  4071 | D:5      | Found a staircase to the Ecumenical Temple.
  4088 | Temple   | Entered the Ecumenical Temple
  4202 | Temple   | Became a worshipper of the Wu Jian Council
  4265 | D:5      | Found a runed translucent gate.
  4265 | D:5      | Found a runed translucent gate.
  4266 | D:5      | Found a runed translucent gate.
  4268 | D:5      | Noticed 11Jery11's ghost (novice MiGl)
  4425 | D:5      | Reached skill level 1 in Evocations
  4467 | D:5      | Reached skill level 5 in Unarmed Combat
  5244 | D:6      | Reached XP level 8. HP: 47/51 MP: 13/13
  5759 | D:6      | Reached skill level 6 in Unarmed Combat
  6579 | D:7      | Reached skill level 5 in Transmutations
  7058 | D:7      | Reached XP level 9. HP: 30/58 MP: 4/15
  7097 | D:7      | Reached skill level 7 in Unarmed Combat
  7097 | D:7      | Reached skill level 1 in Poison Magic
  7446 | D:7      | Found Hing's Assorted Antiques.
  7449 | D:7      | Bought a potion of might for 116 gold pieces
  7449 | D:7      | Bought an opal ring for 145 gold pieces
  7449 | D:7      | Bought a scroll of remove curse for 87 gold pieces
  7784 | D:8      | Found a stormy altar of Qazlal.
  7817 | D:8      | Found a blossoming altar of Fedhas.
  7898 | D:8      | Reached * piety under Wu Jian
  8120 | D:8      | Noticed Psyche
  8175 | D:8      | Killed Psyche
  8213 | D:8      | Reached skill level 8 in Unarmed Combat
  8646 | D:8      | Noticed a troll
  8659 | D:8      | Killed a troll
  8659 | D:8      | Reached skill level 5 in Spellcasting
  8662 | D:8      | Found a sacrificial altar of Ru.
  8662 | D:8      | Found a hide-covered altar of Uskayaw.
  8662 | D:8      | Found a burning altar of Makhleb.
  8663 | D:8      | Found a hazy altar of Hepliaklqana.
  8664 | D:8      | Found a shimmering blue altar of Sif Muna.
  8724 | D:9      | Noticed a hellwing
  8724 | D:9      | Noticed a hellwing
  8731 | D:9      | Reached skill level 5 in Fighting
  8731 | D:9      | Reached XP level 10. HP: 58/66 MP: 11/17
  8750 | D:9      | HP: 3/79 [hellwing (8)]
  8752 | D:9      | Slain by a centaur warrior zombie

Levels and vault maps discovered:
D:1:      nzn_arrival_depleted_hourglass, layout_basic,
          hangedman_decor_clover_reticule
D:2:      layout_loops_ring, uniq_natasha
D:3:      layout_basic, lemuel_blue_sif_altar, uniq_ijyb
D:4:      layout_basic, first_ration, gammafunk_ghost_nasty_kobolds,
          chequers_serial_rivers_micro_b, lemuel_angel_altar
D:5:      layout_basic, minmay_temple_entry_grid, gammafunk_ghost_split
D:6:      layout_rooms, minmay_fire_ice_demons
D:7:      layout_loops_corners, serial_shops, kennysheep_mini
D:8:      layout_cave_pools, minitemple, grunt_pizzeria, fedhas_altar_3,
          uniq_psyche
D:9:      cheibrodos_grave_circle, layout_rooms, elyvilon_altar_3, orc_0_dummy,
          serial_shops, shop
Temple:   regret_index_temple_waves

Skill      XL: |  1  2  3  4  5  6  7  8  9 |
---------------+----------------------------+-----
Stealth        | 1 2 3 4 |  4.0
Unarmed Combat | 4 5 6 8 |  8.7
Transmutations | 3 4 5 |  5.7
Fighting       | 2 3 5 |  5.1
Spellcasting   | 3 4 5 |  5.4
Dodging        | 3 4 |  4.8
Evocations     | 1 3 4 |  4.1
Poison Magic   | 1 |  1.9
Ice Magic      | |  0.5

Action                   |  1- 3 |  4- 6 |  7- 9 | 10-12 || total
-------------------------+-------+-------+-------+-------++-------
Melee: Unarmed           |    75 |   104 |   214 |    18 ||   411
       Tentacles         |    12 |    12 |    23 |       ||    47
       Constrict         |    19 |    19 |    25 |       ||    63
       Kick              |     5 |     5 |    20 |       ||    30
       Punch             |       |       |     5 |       ||     5
 Cast: Beastly Appendage |     9 |     8 |    15 |       ||    32
       Sticks to Snakes  |     6 |     5 |     5 |       ||    16
       Spider Form       |       |     4 |     9 |       ||    13
       Ice Form          |       |       |     4 |       ||     4
Invok: Lunge             |       |       |    16 |       ||    16
       Whirlwind         |       |       |     3 |     1 ||     4
Evoke: Wand              |       |     2 |     9 |       ||    11
  Use: Scroll            |     2 |     5 |     8 |       ||    15
       Potion            |       |     2 |     2 |     1 ||     5
 Stab: Sleeping          |     6 |     6 |     7 |       ||    19
  Eat: Chunk             |     3 |     7 |    11 |       ||    21
       Ration            |       |       |     3 |       ||     3
Armor: Skin              |    16 |    11 |    10 |     8 ||    45
Dodge: Dodged            |    68 |    93 |   146 |    33 ||   340

Table legend:
 A = Non-vault XP
 B = Vault XP
 C = Vault XP percentage of total XP
 D = Non-vault monster count
 E = Vault monster count
 F = Vault count percentage of total count
                 A         B        C        D         E       F
            +---------+---------+-------+---------+---------+-------
      Total |    3656 |    1551 |  29.8 |     132 |       9 |   6.4
            +---------+---------+-------+---------+---------+-------
        D:1 |      56 |       0 |   0.0 |      28 |       0 |   0.0
        D:2 |      74 |      35 |  32.1 |      14 |       1 |   6.7
        D:3 |     112 |      36 |  24.3 |      21 |       1 |   4.5
        D:4 |     375 |       0 |   0.0 |      12 |       0 |   0.0
        D:5 |     128 |       0 |   0.0 |       3 |       0 |   0.0
        D:6 |    1028 |      58 |   5.3 |      21 |       2 |   8.7
        D:7 |    1048 |       0 |   0.0 |      15 |       0 |   0.0
        D:8 |     817 |     563 |  40.8 |      17 |       2 |  10.5
        D:9 |      18 |     859 |  97.9 |       1 |       3 |  75.0
            +---------+---------+-------+---------+---------+-------
